 Dungeon Crawl Stone Soup version 0.28-a0-317-g21599a725c (webtiles) character file.

Game seed: 7337579790269353962

44 McIrco the Cutter (level 3, -1/24 HPs)
             Began as a Kobold Berserker on Sept 1, 2021.
             Was a Believer of Trog.
             Slain by a hound (2 damage)
             ... on level 2 of the Dungeon.
             The game lasted 00:01:37 (1342 turns).

McIrco the Cutter (Kobold Berserker)                Turns: 1342, Time: 00:01:37

Health: -1/24      AC:  2    Str: 15    XL:     3   Next: 85%
Magic:  3/3        EV: 15    Int:  8    God:    Trog [**....]
Gold:   55         SH:  0    Dex: 14    Spells: 2/2 levels left

rFire   . . .      SeeInvis .   a - +0 short sword
rCold   . . .      Faith    .   (shield restricted)
rNeg    . . .      Spirit   .   b - +0 animal skin
rPois   .          Reflect  .   (no helmet)
rElec   .          Harm     .   (no cloak)
rCorr   .          Rampage  .   (no gloves)
Will    .....                   (no boots)
Stlth   ++........              (no amulet)
HPRegen 0.08/turn               (no ring)
MPRegen 0.08/turn               (no ring)

@: on berserk cooldown, slowed, very slow
A: small, no large weapons, nightstalker 3
a: Renounce Religion, Berserk, Trog's Hand


You were on level 2 of the Dungeon.
You worshipped Trog.
Trog was pleased with you.
You visited 1 branch of the dungeon, and saw 2 of its levels.

You collected 55 gold pieces.

Inventory:

Hand Weapons
 a - a +0 short sword (weapon)
Armour
 b - a +0 animal skin (worn)
Jewellery
 d - a ring of ice
Potions
 c - a potion of heal wounds {unknown}
 e - a potion of flight {unknown}
 f - a potion of haste


   Skills:
 + Level 4.0 Fighting
 + Level 4.7 Short Blades
 + Level 1.6 Armour
 + Level 3.1 Dodging
 + Level 0.2 Stealth


You had 2 spell levels left.
You didn't know any spells.
Your spell library was empty.

Dungeon Overview and Level Annotations

Branches:
Dungeon (2/15)

Altars:

Shops:
D:1 [


Innate Abilities, Weirdness & Mutations

You are small and have problems with some larger weapons.
You are completely attuned to the shadows.


Message History

You feel yourself moving faster!
You feel mighty!
You feel sick. The adder barely misses you.
You puncture the adder!
You kill the adder!
Trog accepts your kill.
You feel sick.
Your Dodging skill increases to level 3!
You puncture the hobgoblin!
You kill the hobgoblin!
Trog accepts your kill.
You feel sick.
You feel sick.
You see here an adder corpse.
You feel a strong urge to attack something.
You feel sick.
You start resting.
You are no longer berserk.
You are exhausted.
You feel yourself slow down.
You start resting.
You feel sick. x3
You are no longer poisoned.
You start resting.
A worm comes into view.
A worm is nearby!
A worm is nearby!
A worm is nearby!
You are too injured to fight recklessly!
You see here an adder corpse.
A hound comes into view.
The hound completely misses you. The hound bites you.
* * * LOW HITPOINT WARNING * * *
There are monsters nearby!
The hound closely misses you. The hound bites you.
* * * LOW HITPOINT WARNING * * *
The hound misses you. The hound completely misses you. The hound misses you.
The hound bites you.
* * * LOW HITPOINT WARNING * * *
The hound bites you but does no damage. The hound bites you.
You die...

.############# ..#..........#
............# #.#
#..........# #.# #..........#
#.# #.........<# #.#
#..........#
###.########..........#
##.....wh@.............#
######..#....#####..........#
#.†..w.##....# #######
#.#######....# ...# #....#
#.... ....... ##### ##....##
##.###


You could see a worm and a hound.

Vanquished Creatures
  An adder (D:2)
  A dart slug (D:1)
  3 ball pythons (D:1)
  2 endoplasms (D:1)
  2 giant cockroaches (D:1)
  4 hobgoblins
  7 jackals (D:1)
  3 kobolds (D:1)
  2 bats (D:1)
  A frilled lizard (D:1)
  A rat (D:1)
27 creatures vanquished.

Notes
Turn   | Place    | Note
-------+----------+-------------------------------------------
     0 | D:1      | McIrco the Kobold Berserker began the quest for the Orb.
     0 | D:1      | Reached XP level 1. HP: 14/14 MP: 1/1
    16 | D:1      | Found Ukhli's Antique Armour Boutique.
    43 | D:1      | Reached XP level 2. HP: 7/19 MP: 2/2
   703 | D:1      | Reached XP level 3. HP: 24/24 MP: 3/3
   949 | D:1      | Reached ** piety under Trog
  1081 | D:1      | Found a faded altar of an unknown god.
  1341 | D:2      | HP: 1/24 [hound (2)]
  1342 | D:2      | Slain by a hound

Illustrated notes

Levels and vault maps discovered:
D:1:      mrwooster_arrival_arrow, layout_basic, shapermc_ecumenical_altar_venn,
          serial_shops, nicolae_shop_overgrown_old_shop
D:2:      layout_rooms, uniq_jessica

Skill      XL: |  1  2  3 |
---------------+----------+-----
Fighting       | 4 |  4.0
Dodging        | 3 |  3.1
Short Blades   | |  4.7
Armour         | |  1.6
Stealth        | |  0.2

Action                   || total
-------------------------++-------
Melee: Short sword       ||    82
Invok: Berserk           ||     2
 Stab: Sleeping          ||     8
Armor: Animal skin       ||    20
Dodge: Dodged            ||    63

Table legend: (Time is in decaauts)
 A = Elapsed time spent in this place.
 B = Non-inter-level travel time spent in this place.
 C = Inter-level travel time spent in this place.
 D = Time resting spent in this place.
 E = Time spent auto-exploring this place.
 F = Levels seen in this place.
 G = Mean time per level.
                   A        B        C        D        E       F      G
               +--------+--------+--------+--------+--------+-----+--------+
         Total |   1344 |   1331 |     13 |    235 |    901 |   2 |  672.0 |
       Dungeon |   1344 |   1331 |     13 |    235 |    901 |   2 |  672.0 |
               +--------+--------+--------+--------+--------+-----+--------+

Top non-repeatable levels by time:
     D:1: 1265 daAuts
     D:2: 78 daAuts
